 Dungeon Crawl Stone Soup version 0.31-a0-618-g7ca08c1ff9 (webtiles) character file.

Game seed: 9593451427887462270

9 RepHenryClay the Sneak (level 2, -5/27 HPs)
             Began as a Minotaur Delver on Aug 22, 2023.
             Killed from afar by a white imp (11 damage)
             ... with a puff of frost
             ... on level 5 of the Dungeon.
             The game lasted 00:00:52 (148 turns).

RepHenryClay the Sneak (Minotaur Delver)             Turns: 148, Time: 00:00:53

Health: -5/27      AC:  3    Str: 16    XL:     2   Next: 3%
Magic:  1/1        EV: 12    Int:  7    God:
Gold:   0          SH:  0    Dex: 11    Spells: 1/1 levels left

rFire   . . .        a - +0 flail
rCold   . . .        (no shield)
rNeg    . . .        b - +0 leather armour
rPois   .            (helmet restricted)
rElec   .            (no cloak)
rCorr   .            (no gloves)
SInv    .            (no boots)
Will    .....        (no amulet)
Stlth   ++           (no ring)
HPRegen 0.24/turn    (no ring)
MPRegen 0.07/turn

%: no passive effects
@: no status effects
A: horns 2, retaliatory headbutt
a: no special abilities


You were on level 5 of the Dungeon.
You visited 1 branch of the dungeon, and saw 1 of its levels.

Inventory:

Hand Weapons
 a - a +0 flail (weapon)
 h - a +0 mace
Armour
 b - a +0 leather armour (worn)
Wands
 g - a wand of digging (3)
Scrolls
 c - a scroll of fog
 d - a scroll of revelation
 e - a scroll of fear
Potions
 f - a potion of haste


   Skills:
 + Level 3.8 Fighting
 + Level 2.7 Maces & Flails
 + Level 2.4 Dodging
 + Level 4.2 Stealth


You had one spell level left.
You didn't know any spells.
Your spell library was empty.

Dungeon Overview and Level Annotations

Branches:
Dungeon (5/15)
 Temple: D:4-7

Altars:


Innate Abilities, Weirdness & Mutations

You have a pair of horns on your head.
You reflexively headbutt those who attack you in melee.


Message History

* * * LOW HITPOINT WARNING * * *
The gnoll hits you with a +0 flail.
* * * LOW HITPOINT WARNING * * *
Huge Dmg: -21%(-4hp) hp: 6%(1hp)
You hit the gnoll.
The gnoll is severely wounded.
The gnoll barely misses you.
You closely miss the gnoll. You headbutt the gnoll.
You kill the gnoll!
You have reached level 2!
Things that are here:
a +0 flail; a gnoll corpse
h - a +0 flail
h - a +0 flail (weapon)
Adjust (i)tems, (s)pells, or (a)bilities?
h - a +0 flail (weapon)
Adjust to which letter? (? for menu, Esc to quit)
a - a +0 flail (weapon);
h - a +0 mace You start resting.
HP restored.
A white imp comes into view.
The helpless white imp fails to defend itself.
You hit the white imp.
The white imp is heavily wounded.
The white imp gestures at you. The puff of frost hits you!
The white imp gestures at you. The puff of frost hits you.
Huge Dmg: -48%(-13hp) hp: 52%(14hp)
You hit the white imp but do no damage. Your headbutt misses the white imp.
The white imp is heavily wounded.
The white imp gestures at you. The puff of frost hits you!
* * * LOW HITPOINT WARNING * * *
Huge Dmg: -29%(-8hp) hp: 23%(6hp)
You hit the white imp.
The white imp is severely wounded.
The white imp gestures at you. The puff of frost hits you!
You die...

## ##.## ####
##.#.##### ...#
#.#......#
##.########...###.#
#.......†...## #@#
############# #5#
#.. #... ##.## .# #
.# ### .# ..#


You could see a white imp.

Vanquished Creatures
  A gnoll (D:5)
1 creature vanquished.

Notes
Turn   | Place    | Note
-------+----------+-------------------------------------------
     0 | D:5      | RepHenryClay the Minotaur Delver began the quest for the
                  | Orb.
     0 | D:5      | Reached XP level 1. HP: 19/19 MP: 0/0
     1 | D:5      | Noticed a gnoll bouda
    38 | D:5      | Reached XP level 2. HP: 2/27 MP: 1/1
   148 | D:5      | Killed from afar by a white imp

Illustrated notes

Levels and vault maps discovered:
D:5:      layout_loops_ring, hex_medium, minmay_misc_feat_encased,
          minmay_diced_spiral, uniq_ijyb

Action                     || total
---------------------------++-------
  Melee: Mace              ||     5
         Headbutt          ||     1
         Flail             ||     3
   Stab: Sleeping          ||     1
  Dodge: Dodged            ||     1

Table legend: (Time is in decaauts)
 A = Elapsed time spent in this place.
 B = Non-inter-level travel time spent in this place.
 C = Inter-level travel time spent in this place.
 D = Time resting spent in this place.
 E = Time spent auto-exploring this place.
 F = Levels seen in this place.
 G = Mean time per level.
                   A        B        C        D        E       F      G
               +--------+--------+--------+--------+--------+-----+--------+
         Total |    149 |    149 |      0 |     96 |      1 |   1 |  149.0 |
       Dungeon |    149 |    149 |      0 |     96 |      1 |   1 |  149.0 |
               +--------+--------+--------+--------+--------+-----+--------+

Top non-repeatable levels by time:
     D:5: 149 daAuts
